 Dungeon Crawl Stone Soup version 0.30.1-11-g7821555f0a (webtiles) character file.

Game seed: 16553515262261130305

146 barott the Shield-Bearer (level 5, -2/33 HPs)
             Began as a Gargoyle Fighter on Dec 7, 2023.
             Slain by a gnoll
             ... wielding a +0 flail
             ... led by a gnoll bouda
              (7 damage)
             ... on level 3 of the Dungeon.
             The game lasted 00:04:56 (1972 turns).

barott the Shield-Bearer (Gargoyle Fighter)         Turns: 1972, Time: 00:04:57

Health: -2/33      AC: 12    Str: 22    XL:     5   Next: 28%
Magic:  5/5        EV: 10    Int:  8    God:
Gold:   153        SH:  4    Dex:  9    Spells: 4/4 levels left

rFire   . . .        a - +0 flail
rCold   . . .        c - +0 buckler
rNeg    + . .        s - +0 swamp dragon scales
rPois   ∞            (no helmet)
rElec   +            (no cloak)
rCorr   .            (no gloves)
SInv    .            (no boots)
Will    .....        (no amulet) Stlth
                     (no ring)
HPRegen 0.25/turn    (no ring)
MPRegen 0.09/turn

%: no passive effects
@: no status effects
A: sickness immunity, AC +4, negative energy resistance 1, electricity
resistance, torment resistance 1, petrification resistance
a: no special abilities


You were on level 3 of the Dungeon.
You visited 1 branch of the dungeon, and saw 3 of its levels.

You collected 153 gold pieces.

Inventory:

Hand Weapons
 a - a +0 flail (weapon)
Missiles
 q - a throwing net (quivered)
Armour
 b - a +0 scale mail
 c - a +0 buckler (worn)
 s - +0 swamp dragon scales (worn)
Jewellery
 v - a +4 ring of protection
Scrolls
 e - a scroll of torment {unknown}
 f - 4 scrolls of identify {unknown}
 h - a scroll of poison {unknown}
 j - 2 scrolls of teleportation {unknown}
 n - a scroll of magic mapping {unknown}
 o - a scroll of blinking {unknown}
 r - a scroll of noise {unknown}
 t - a scroll of immolation {unknown}
 u - a scroll of fear {unknown}
Potions
 d - 2 potions of might
 g - 2 potions of curing {unknown}
 i - 3 potions of flight {unknown}
 k - 2 potions of haste {unknown}
 l - a potion of invisibility {unknown}
 m - a potion of magic {unknown}
 p - a potion of attraction {unknown}


   Skills:
 + Level 3.7 Fighting
 + Level 3.8 Maces & Flails
 + Level 3.9 Armour
 + Level 1.0 Dodging
 + Level 4.0 Shields


You had 4 spell levels left.
You didn't know any spells.
Your spell library contained the following spells:

 Spells                   Type           Power      Damage    Failure   Level
 Kiss of Death            Conj/Necr      0%         2d5       63%         1
 Blink                    Tloc           0%         N/A       77%         2
 Lesser Beckoning         Tloc           0%         N/A       77%         2
 Momentum Strike          Conj/Tloc      0%         3d8       77%         2
 Confusing Touch          Hex            0%         N/A       94%         3
 Dispel Undead            Necr           0%         3d6       100%        4


Dungeon Overview and Level Annotations

Branches:
Dungeon (3/15)

Altars:

Shops:
D:1 ::


Innate Abilities, Weirdness & Mutations

You are immune to sickness and miasma.
Your stone body is resilient. (AC +4)
You are immune to poison.
You resist negative energy. (rN+)
You are resistant to electric shocks. (rElec)
You are resistant to unholy torment.
You are immune to petrification.


Message History

The gnoll bouda hits you but does no damage.
The gnoll barely misses you. x2; The gnoll closely misses you.
The gnoll hits you but does no damage.
The gnoll bouda gazes fiercely through you!
You feel your attacks grow feeble.
The gnoll bouda hits you but does no damage.
You hit the gnoll bouda but do no damage.
The gnoll bouda is severely wounded.
You block the gnoll bouda's attack. The gnoll hits you but does no damage.
The gnoll hits you from afar with a +0 halberd.
You hit the gnoll bouda.
You kill the gnoll bouda!
The gnoll hits you from afar with a +0 halberd!
The gnoll barely misses you.
Your Dodging skill increases to level 1!
You have reached level 5!
Your attacks no longer feel as feeble.
The gnoll hits you with a +0 halberd.
You completely miss the gnoll. The gnoll hits you with a +0 halberd.
You closely miss the gnoll. You block the gnoll's attack.
The gnoll barely misses you.
You sock the gnoll!
The gnoll is almost dead.
The gnoll barely misses you.
You sock the gnoll!
You kill the gnoll!
You sock the gnoll!
The gnoll is severely wounded.
The gnoll closely misses you.
The gnoll hits you from afar with a +0 halberd.
The gnoll hits you with a +0 flail.
* * * LOW HITPOINT WARNING * * *
You closely miss the gnoll.
The gnoll is severely wounded.
The gnoll barely misses you. The gnoll hits you with a +0 flail.
* * * LOW HITPOINT WARNING * * *
You barely miss the gnoll.
The gnoll is severely wounded.
The gnoll hits you with a +0 flail!
You die...

#≈♣.♣≈######..
#≈...≈# ###
#≈...≈# #≈...≈#
### #≈≈.≈≈# #..
#######'### ####.#
... #.# #....##.#
#..... .g #.#
#.##....# #.##.#
.g #.# #@##.####
#.##.# .##.#
#g##.########.##..
...#
#g##....>.....####
#..#
#.##......#####
#.!# #.##.####.#
#..# #.##.# #.#
#.(# #.##.# #.#
#.g#
#.##.####.########
#..#
#.##......##.....#


You could see 2 gnolls.

Vanquished Creatures
  A gnoll bouda (D:3)
  4 gnolls
  An adder (D:3)
  4 dart slugs
  8 ball pythons
  6 endoplasms
  3 giant cockroaches
  5 goblins
  4 hobgoblins
  3 jackals (D:2)
  10 kobolds
  A quokka (D:2)
  6 bats
  3 frilled lizards
  2 rats (D:2)
61 creatures vanquished.

Notes
Turn   | Place    | Note
-------+----------+-------------------------------------------
     0 | D:1      | barott the Gargoyle Fighter began the quest for the Orb.
     0 | D:1      | Reached XP level 1. HP: 14/14 MP: 1/1
   116 | D:1      | Found Wobalur's Book Emporium.
   152 | D:1      | Reached XP level 2. HP: 19/19 MP: 2/2
   249 | D:1      | Found Seumusah's Vocational Training.
   536 | D:1      | Reached XP level 3. HP: 23/23 MP: 3/3
  1297 | D:2      | Reached XP level 4. HP: 22/28 MP: 4/4
  1798 | D:3      | Reached skill level 4 in Shields
  1954 | D:3      | Reached skill level 1 in Dodging
  1954 | D:3      | Reached XP level 5. HP: 16/33 MP: 5/5
  1972 | D:3      | Slain by a gnoll

Illustrated notes

Levels and vault maps discovered:
D:1:      mrwooster_arrival_arrow, layout_loops_corners, serial_shops, shop,
          nicolae_shop_vocational
D:2:      layout_rooms
D:3:      layout_loops_ring, kennysheep_minor_cross, eino_tiny_chamber

Skill      XL: |  1  2  3  4 |
---------------+-------------+-----
Maces & Flails | 3 |  3.8
Shields        | 4 |  4.0
Dodging        | 1 |  1.0
Fighting       | |  3.7
Armour         | |  3.9

Action                     |  1- 3 |  4- 6 || total
---------------------------+-------+-------++-------
  Melee: Flail             |   127 |    83 ||   210
 Armour: Scale mail        |    59 |       ||    59
         Swamp dragon scal |    13 |    47 ||    60
  Dodge: Dodged            |    67 |    56 ||   123
  Block: Buckler           |    29 |    28 ||    57
